 Dungeon Crawl Stone Soup version 0.18-a0-1292-ge8ad84c (webtiles) character file.

81015 Gorice the Thaumaturge (level 16, -2/122 HPs)
             Began as a Human Wanderer on Feb 7, 2016.
             Was the Champion of Sif Muna.
             Slain by Fannar
             ... wielding an uncursed staff of cold
              (11 damage)
             ... on level 11 of the Dungeon on Feb 9, 2016.
             The game lasted 04:15:01 (33405 turns).

Gorice the Thaumaturge (Human Wanderer)            Turns: 33405, Time: 04:15:01

Health: -2/122     AC: 18    Str: 14    XL:     16   Next: 16%
Magic:  8/33       EV: 13    Int: 21    God:    Sif Muna [******]
Gold:   1879       SH:  0    Dex: 14    Spells: 7 memorised, 23 levels left

rFire  + . .     SeeInvis +     a - +3 great sword (slice)
rCold  . . .     Gourm    .     T - +4 scale mail {rF+}
rNeg   . . .     Faith    .     (shield currently unavailable)
rPois  +         Spirit   .     N - +2 helmet
rElec  .         Dismiss  .     c - +0 cloak of Miracles {rPois Dex+4}
rCorr  .         Reflect  .     (no gloves)
SustAt .         Harm     .     (no boots)
MR     +....                    P - amulet of magic regeneration
Stlth  +.........               t - ring of see invisible
                                z - ring of wizardry

@: somewhat resistant to hostile enchantments, very unstealthy
A: no striking features
a: Channel Energy, Forget Spell, Renounce Religion


You were on level 11 of the Dungeon.
You worshipped Sif Muna.
Sif Muna was exalted by your worship.
You were not hungry.

You visited 4 branches of the dungeon, and saw 22 of its levels.
You also visited: Sewer.

You collected 1879 gold pieces.

Inventory:

Hand Weapons
 a - a +3 great sword of slicing (weapon)
   (You found it on level 3 of the Lair of Beasts)
 b - a +0 hunting sling
 p - a +2 mace of protection
   (You took it off an orc on level 4 of the Dungeon)
 w - a +2 scimitar of flaming
   (You found it on level 11 of the Dungeon)
 B - a +0 blowgun
Missiles
 k - 144 sling bullets
 n - 18 tomahawks (quivered)
 s - 65 poisoned needles
 A - 7 silver javelins
 Y - 2 throwing nets
Armour
 c - the +0 cloak of Miracles (worn) {rPois Dex+4}
   (You acquired it on level 1 of the Lair of Beasts)

   It affects your dexterity (+4).
   It protects you from poison.
 N - a +2 helmet (worn)
 T - a +4 scale mail of fire resistance (worn)
   (You found it on level 5 of the Lair of Beasts)
Jewellery
 t - a ring of see invisible (right hand)
 z - a ring of wizardry (left hand)
 F - an uncursed ring of sustain attributes
 I - an uncursed ring of flight
 P - an amulet of magic regeneration (around neck)
Wands
 l - a wand of hasting (9/9) {!d}
 v - a wand of digging (3/24)
 H - a wand of flame (16/48)
 K - a wand of iceblast (8/15)
 O - a wand of iceblast (11/15)
 S - a wand of lightning (11/15)
Scrolls
 e - a scroll of amnesia
 g - 3 scrolls of magic mapping {!r}
 h - 15 scrolls of remove curse
 q - 2 scrolls of fog
 u - a scroll of summoning {!r}
 x - a scroll of silence {!r}
 y - a scroll of blinking
 C - 3 scrolls of teleportation {!r}
 G - 7 scrolls of fear {!r}
Potions
 d - 8 potions of curing
 j - 2 potions of ambrosia {!q}
 m - 2 potions of cancellation {!q}
 o - 3 potions of invisibility {!q}
 D - a potion of haste {!q}
 E - 2 potions of might {!q}
 M - a potion of magic {!q}
 Q - 2 potions of resistance {!q}
 U - 2 potions of agility {!q}
Miscellaneous
 X - a lamp of fire
 Z - a stone of tremors
Comestibles
 f - 12 bread rations {!e}
 i - 7 chunks of flesh
 r - 17 fruits
 L - a meat ration {!e}
 R - a royal jelly


   Skills:
 - Level 10.0 Fighting
   Level 2.4(5.5) Short Blades
 + Level 7.8(8.0) Long Blades
 - Level 12.0 Armour
 + Level 6.9 Dodging
 - Level 2.0 Stealth
   Level 1.0 Shields
 - Level 13.2 Spellcasting
 - Level 11.1 Conjurations
 - Level 8.0 Hexes
 + Level 8.4 Necromancy
 - Level 3.0 Translocations
   Level 2.0 Fire Magic
 - Level 3.0 Ice Magic
   Level 1.0 Poison Magic


You had 23 spell levels left.
You knew the following spells:

 Your Spells              Type           Power        Failure   Level  Hunger
a - Searing Ray           Conj           ######       1%          2    None
b - Throw Frost           Conj/Ice       #####.       1%          2    None
c - Dazzling Spray        Conj/Hex       ######..     1%          3    None
d - Bolt of Draining      Conj/Necr      ######....   4%          5    ####...
e - Animate Skeleton      Necr           N/A          1%          1    None
f - Iskenderun's Mystic   Conj           ######..     1%          4    None
A - Apportation           Tloc           ####......   1%          1    None


Dungeon Overview and Level Annotations

Branches:
Dungeon (11/15)            Temple (1/1) D:7            Lair (8/8) D:8
 Shoals (0/4) Lair:5       Spider (0/4) Lair:5        Slime (0/6) Lair:7
    Orc (2/2) D:9
    Elf: Orc:2

Altars:
Ashenzari
Cheibriados
Dithmenos
Elyvilon
Fedhas
Gozag
Kikubaaqudgha
Makhleb
Nemelex Xobeh
Okawaru
Pakellas
Qazlal
Ru
Sif Muna
Trog
Vehumet
Xom
Yredelemnul
Zin
The Shining One
Beogh
Jiyva

Annotations:
D:11 Fannar
Orc:2 St Roka wt!, Donald, Saint Roka


Message History

Fannar barely misses you.
You closely miss Fannar.
Fannar is moderately wounded.
Fannar hits you but does no damage.
You slash Fannar!
Fannar is heavily wounded.
Fannar barely misses you.
You barely miss Fannar.
Fannar is heavily wounded.
Fannar is no longer blind.
Fannar hits you but does no damage.
An ice beast comes into view.
You hit Fannar but do no damage.
Fannar is heavily wounded.
Fannar hits you but does no damage.
You hit Fannar.
Fannar is severely wounded.
Fannar mumbles some strange words.
Fannar drains the heat from the surrounding environment!
You feel very cold.
Your troll skeleton, Fannar and the hound are frozen.
Your troll skeleton resists.
Fannar resists.
Fannar is severely wounded.
The hound dies!
Damage: 18 (max 18)
You slash Fannar!
Fannar is severely wounded.
Fannar hits you with a staff of cold. Fannar freezes you!
Damage: 10 (max 18)
You slash Fannar!
Fannar is almost dead.
Fannar hits you with a staff of cold. Fannar freezes you!
* * * LOW HITPOINT WARNING * * *
Damage: 14 (max 18) Unknown command.
Drink which item? (? for menu, Esc to quit)
Really quaff
J - a potion of heal wounds {!q}?
You feel much better. Fannar casts a spell at you. The bolt of cold hits you!
* * * LOW HITPOINT WARNING * * *
The bolt of cold hits your troll skeleton.
Your troll skeleton resists.
Damage: 13 (max 18)
You barely miss Fannar.
Fannar is almost dead.
Fannar hits you with a staff of cold.
* * * LOW HITPOINT WARNING * * *
Fannar freezes you!
You die...

.. #.# .## ###### #.# ..#
#....# #.# ...# ## #....#
#.# ...# .# #....#
#.#....#
.####....#########.#....#
.ZZZ...........Z@eY...>.#
.####....#.#######.#..#.#
.#..ZZ.....# #.# #
.#.######..#######.######
...# #......ZZ.Z........
...# #...#######.#######
...# #..Z# #.#
.#.#####..Z# #.#
.#.........# #.#


You could see Fannar, an ice beast and a friendly troll skeleton.

Vanquished Creatures
  Gastronok (D:9)
  Maud (Lair:8)
  Harold (D:11)
  10 hydras
  7 death yaks
  Urug (D:11)
  2 orc high priests
  The ghost of PeterLawrence the Basher, a novice GrFi of Okawaru (Lair:1)
  A hill giant (D:11)
  2 orc knights
  A lindwurm (Lair:4)
  An orc sorcerer (Orc:1)
  An ugly thing (D:11)
  2 griffons (Lair:7)
  19 elephants
  16 black mambas
  3 hornets
  A guardian serpent (Lair:8)
  Joseph (D:8)
  2 torpor snails
  14 spiny frogs
  4 fire drakes
  10 komodo dragons
  A queen bee (D:10)
  4 jumping spiders (Lair:5)
  3 trolls
  Grinder (D:3)
  25 blink frogs
  A slime creature (Lair:7)
  2 boulder beetles
  5 redbacks (Lair:5)
  45 yaks
  3 wyverns
  A human (D:7)
  Eustachio (D:11)
  2 steam dragons
  7 basilisks
  9 hippogriffs
  2 hungry ghosts
  4 wargs (Orc:1)
  10 wolves
  3 mottled dragons (Lair:8)
  23 water moccasins
  12 porcupines
  2 sky beasts (D:8)
  7 wasps
  4 ice beasts
  3 black bears
  14 orc warriors
  A phantom (D:9)
  10 ogres
  22 crocodiles
  A centaur (D:9)
  Blork the orc (D:11)
  A big kobold (Sewer)
  26 giant frogs
  6 scorpions
  42 killer bees
  A vampire bat (D:2)
  An electric eel (Lair:1)
  3 crimson imps
  9 hounds
  A quasit (D:7)
  3 centaur skeletons
  13 orc priests
  A gnoll shaman (D:4)
  3 jellies
  9 orc wizards
  2 giant frog skeletons
  Natasha (thrice) (D:3)
  Ijyb (D:3)
  Terence (D:3)
  12 iguanas
  17 worker ants
  21 sheep
  15 adders
  10 gnolls
  43 river rats
  A shadow imp (D:11)
  An adder zombie (D:6)
  A worm (D:4)
  3 giant geckos
  49 orcs
  10 bats
  3 bat skeletons (D:2)
  2 bat zombies (D:2)
  3 giant cockroaches
  9 goblins
  13 hobgoblins
  14 jackals
  8 kobolds
  3 quokkas
  2 ball pythons (D:4)
  A ball python skeleton (D:6)
  A giant gecko zombie (D:6)
  4 giant newts
  14 rats
  A fungus (Lair:8)
718 creatures vanquished.

Vanquished Creatures (collateral kills)
  A fire dragon (Lair:8)
  A death yak (Lair:8)
  An orc knight (D:11)
  A wolf spider (Lair:8)
  2 black mambas (Lair:8)
  A fire drake (Lair:8)
  A komodo dragon (Lair:8)
  6 yaks
  A steam dragon (Lair:8)
  2 wolves (Lair:8)
  A mottled dragon (Lair:8)
  A water moccasin (Lair:8)
  2 orc warriors
  A wasp (Lair:8)
  2 crocodiles (Lair:8)
  A giant frog (Lair:8)
  3 iguanas
  A hound skeleton (D:10)
  An adder (Lair:8)
  8 orcs
  A plant (Lair:8)
39 creatures vanquished.

Vanquished Creatures (others)
  Erica (D:11)
  A human (D:7)
  A hound (D:11)
  A bush (Lair:5)
  52 fungi
  46 plants
102 creatures vanquished.

Grand Total: 859 creatures vanquished

Notes
Turn   | Place    | Note
--------------------------------------------------------------
     0 | D:1      | Gorice the Human Wanderer began the quest for the Orb.
     0 | D:1      | Gorice set off with: a +2 dagger, a scroll of blinking, the Reference Book on Combat Magic, a potion of lignification {!q}, a +0 robe, a bread ration {!e}
     0 | D:1      | Reached XP level 1. HP: 13/13 MP: 3/3
     0 | D:1      | Identified the Reference Book on Combat Magic
   143 | D:1      | Reached skill level 1 in Short Blades
   143 | D:1      | Reached XP level 2. HP: 16/19 MP: 5/5
   150 | D:1      | Learned a level 2 spell: Searing Ray
   241 | D:1      | HP: 3/19 [jackal (3)]
   905 | D:1      | Reached skill level 1 in Conjurations
   905 | D:1      | Reached XP level 3. HP: 24/24 MP: 2/6
  1888 | D:2      | Reached skill level 2 in Conjurations
  1888 | D:2      | Reached XP level 4. HP: 30/30 MP: 4/7
  2226 | D:2      | Found an ancient bone altar of Kikubaaqudgha.
  2276 | D:2      | Reached skill level 2 in Short Blades
  2276 | D:2      | Reached skill level 3 in Spellcasting
  2276 | D:2      | Reached XP level 5. HP: 19/35 MP: 1/9
  2633 | D:2      | Reached skill level 3 in Conjurations
  3006 | D:3      | Noticed Terence
  3179 | D:3      | Reached XP level 6. HP: 37/41 MP: 10/10
  3255 | D:3      | Noticed Natasha
  3265 | D:3      | Killed Natasha
  3431 | D:3      | Noticed Ijyb
  3443 | D:3      | Killed Ijyb
  3443 | D:3      | Reached skill level 1 in Armour
  3637 | D:3      | Noticed Natasha
  3649 | D:3      | Killed Natasha
  3748 | D:3      | Noticed Grinder
  3748 | D:3      | Paralysed by Grinder for 5 turns
  3760 | D:3      | Paralysed by Grinder for 2 turns
  3764 | D:3      | Killed Grinder
  3764 | D:3      | Reached skill level 2 in Armour
  3764 | D:3      | Reached skill level 4 in Conjurations
  3764 | D:3      | Reached XP level 7. HP: 38/46 MP: 2/12
  3896 | D:3      | Noticed Natasha
  3903 | D:3      | Killed Natasha
  4038 | D:3      | Killed Terence
  4038 | D:3      | Reached skill level 4 in Spellcasting
  4243 | D:3      | Found a stormy altar of Qazlal.
  4502 | D:4      | Found a glowing drain.
  4559 | Sewer    | Entered a sewer
  4676 | Sewer    | Reached skill level 5 in Conjurations
  4720 | Sewer    | Found a glowing silver altar of Zin.
  4905 | D:4      | Reached skill level 3 in Armour
  4905 | D:4      | Reached XP level 8. HP: 48/52 MP: 10/14
  5492 | D:4      | Reached skill level 6 in Conjurations
  5864 | D:4      | Reached skill level 5 in Spellcasting
  5955 | D:4      | Found an iron altar of Okawaru.
  6078 | D:4      | Found a basalt altar of Yredelemnul.
  6214 | D:5      | Entered Level 5 of the Dungeon
  6278 | D:5      | Reached skill level 4 in Armour
  6545 | D:5      | Reached skill level 7 in Conjurations
  6606 | D:5      | Reached XP level 9. HP: 57/57 MP: 13/16
  7248 | D:5      | Upgraded the game from 0.18-a0-1273-g8ec5f8e to 0.18-a0-1285-g60d00e1
  7504 | D:6      | Found a radiant altar of Vehumet.
  7736 | D:6      | Reached skill level 8 in Conjurations
  8065 | D:6      | Found a glowing golden altar of the Shining One.
  8065 | D:6      | Found a sacrificial altar of Ru.
  8098 | D:6      | Reached skill level 6 in Spellcasting
  8344 | D:7      | Found an ancient bone altar of Kikubaaqudgha.
  8571 | D:7      | Reached skill level 9 in Conjurations
  9059 | D:7      | Reached XP level 10. HP: 48/63 MP: 3/20
  9263 | D:7      | Reached skill level 7 in Spellcasting
  9263 | D:7      | Reached skill level 10 in Conjurations
  9322 | D:7      | Found a staircase to the Ecumenical Temple.
  9340 | Temple   | Entered the Ecumenical Temple
  9417 | Temple   | Became a worshipper of Sif Muna the Loreminder
  9591 | D:8      | Noticed Joseph
  9608 | D:8      | Killed Joseph
  9886 | D:8      | Reached skill level 5 in Armour
 10063 | D:8      | Found a staircase to the Lair.
 10343 | D:8      | Reached * piety under Sif Muna
 10744 | D:8      | Learned a level 2 spell: Throw Frost
 10744 | D:8      | Identified a scroll of acquirement
 10768 | Lair:1   | Entered Level 1 of the Lair of Beasts
 10769 | Lair:1   | Noticed an eight-headed hydra
 10769 | Lair:1   | Noticed a black mamba
 10780 | Lair:1   | Killed a black mamba
 10780 | Lair:1   | Reached skill level 8 in Spellcasting
 10788 | Lair:1   | Noticed a five-headed hydra
 10791 | Lair:1   | Noticed PeterLawrence's ghost (novice GrFi)
 10794 | Lair:1   | Noticed a six-headed hydra
 10811 | Lair:2   | HP: 17/63 [yak (12)]
 10823 | Lair:2   | Reached skill level 1 in Fighting
 10823 | Lair:2   | Reached skill level 6 in Armour
 10826 | Lair:2   | Reached XP level 11. HP: 45/71 MP: 4/23
 11149 | Lair:2   | Reached skill level 2 in Fighting
 11152 | Lair:2   | Reached skill level 11 in Conjurations
 11162 | Lair:2   | Reached ** piety under Sif Muna
 11342 | Lair:2   | Reached skill level 9 in Spellcasting
 11410 | Lair:2   | Reached skill level 3 in Fighting
 11662 | Lair:2   | Reached skill level 7 in Armour
 11673 | Lair:2   | HP: 20/76 [iguana (10)]
 11692 | Lair:2   | Identified the Disquisition on Combat Magic and Ice (You found it on level 2 of the Lair of Beasts)
 11698 | Lair:2   | Learned a level 3 spell: Dazzling Spray
 11744 | Lair:2   | Noticed a five-headed hydra
 12107 | Lair:2   | Reached skill level 4 in Fighting
 12176 | Lair:2   | Killed a five-headed hydra
 12176 | Lair:2   | Reached *** piety under Sif Muna
 12176 | Lair:2   | Reached skill level 10 in Spellcasting
 12176 | Lair:2   | Reached skill level 1 in Hexes
 12454 | Lair:2   | Reached skill level 2 in Hexes
 12778 | Lair:1   | Killed a five-headed hydra
 12778 | Lair:1   | Reached skill level 5 in Fighting
 12998 | Lair:1   | Reached skill level 3 in Hexes
 12998 | Lair:1   | Reached XP level 12. HP: 86/86 MP: 21/26
 13032 | Lair:1   | Reached skill level 8 in Armour
 13132 | Lair:1   | Killed an eight-headed hydra
 13522 | Lair:1   | Killed PeterLawrence's ghost
 13522 | Lair:1   | Reached **** piety under Sif Muna
 13522 | Lair:1   | Reached skill level 11 in Spellcasting
 13770 | Lair:1   | Reached skill level 4 in Hexes
 14003 | Lair:2   | Killed a six-headed hydra
 14003 | Lair:2   | Reached skill level 6 in Fighting
 14567 | Lair:3   | Noticed a five-headed hydra
 14582 | Lair:3   | Killed a five-headed hydra
 14582 | Lair:3   | Reached ***** piety under Sif Muna
 14582 | Lair:3   | Reached skill level 5 in Hexes
 15098 | Lair:4   | Noticed a six-headed hydra
 15106 | Lair:4   | Killed a six-headed hydra
 15297 | Lair:4   | HP: 10/89 [lindwurm/blast of flame (19)]
 15576 | Lair:4   | Reached skill level 9 in Armour
 16347 | Lair:3   | Reached skill level 7 in Fighting
 16356 | Lair:3   | HP: 27/91 [poisoned by a spiny frog]
 16361 | Lair:3   | HP: 26/91 [poisoned by a spiny frog]
 16367 | Lair:3   | HP: 25/91 [poisoned by a spiny frog]
 16375 | Lair:3   | HP: 25/91 [poisoned by a spiny frog]
 16652 | Lair:4   | Reached skill level 12 in Spellcasting
 16944 | Lair:5   | Reached XP level 13. HP: 91/96 MP: 22/29
 16995 | Lair:5   | Found a hole to the Spider Nest.
 17178 | Lair:5   | Reached skill level 6 in Hexes
 17544 | Lair:5   | Found a staircase to the Shoals.
 17725 | Lair:5   | HP: 27/98 [jumping spider (6)]
 17980 | Lair:5   | HP: 28/98 [blink frog (7)]
 17985 | Lair:5   | HP: 24/98 [blink frog (5)]
 17986 | Lair:5   | Reached skill level 8 in Fighting
 18225 | Lair:5   | Reached ****** piety under Sif Muna
 18225 | Lair:5   | Reached skill level 7 in Hexes
 18309 | Lair:5   | Noticed a five-headed hydra
 18332 | Lair:5   | Killed a five-headed hydra
 18332 | Lair:5   | Received a gift from Sif Muna
 18332 | Lair:5   | Reached skill level 10 in Armour
 18342 | Lair:5   | Learned a level 1 spell: Apportation
 18644 | Lair:5   | Found a shimmering altar of Xom.
 19229 | Lair:5   | Got a slimy mace
 19280 | Lair:5   | Identified the +9 mace of Woe {crush, rC- Str+6 Int+6} (You found it on level 5 of the Lair of Beasts)
 19564 | Lair:6   | Reached skill level 13 in Spellcasting
 20250 | Lair:6   | Got an ichor-stained leather armour
 20279 | Lair:6   | Identified the +3 leather armour "Punkuk" {Dex+4} (You found it on level 6 of the Lair of Beasts)
 20301 | Lair:6   | Noticed a five-headed hydra
 20315 | Lair:6   | Killed a five-headed hydra
 20820 | Lair:6   | Noticed an eight-headed hydra
 20837 | Lair:6   | HP: 29/99 [eight-headed hydra (10)]
 20838 | Lair:6   | Killed an eight-headed hydra
 21174 | Lair:6   | Noticed a four-headed hydra
 21218 | Lair:6   | Killed a four-headed hydra
 21218 | Lair:6   | Reached skill level 1 in Translocations
 21445 | Lair:6   | Reached skill level 8 in Hexes
 21698 | Lair:7   | Reached XP level 14. HP: 100/106 MP: 24/31
 21816 | Lair:7   | Reached skill level 1 in Ice Magic
 21837 | Lair:7   | Found a viscous altar of Jiyva.
 21837 | Lair:7   | Found a staircase to the Slime Pits.
 21856 | Lair:7   | Reached skill level 9 in Fighting
 21856 | Lair:7   | Reached skill level 2 in Translocations
 22095 | Lair:7   | Reached skill level 2 in Ice Magic
 22430 | Lair:7   | Learned a level 5 spell: Bolt of Draining
 22605 | Lair:7   | Reached skill level 3 in Translocations
 22830 | Lair:7   | Reached skill level 11 in Armour
 22847 | Lair:7   | Reached skill level 3 in Ice Magic
 23254 | Lair:5   | Reached skill level 1 in Necromancy
 23344 | Lair:1   | Learned a level 1 spell: Animate Skeleton
 23457 | Lair:8   | Entered Level 8 of the Lair of Beasts
 23799 | Lair:7   | Reached skill level 2 in Necromancy
 24156 | Lair:8   | Reached skill level 3 in Necromancy
 24229 | Lair:8   | Reached skill level 10 in Fighting
 24298 | Lair:8   | HP: 25/110 [hornet (11)]
 24303 | Lair:8   | HP: 33/110 [poisoned by a hornet]
 24308 | Lair:8   | HP: 28/110 [poisoned by a hornet]
 24314 | Lair:7   | HP: 17/110 [poisoned by a hornet]
 24319 | Lair:7   | HP: 15/110 [poisoned by a hornet]
 24324 | Lair:7   | HP: 13/110 [poisoned by a hornet]
 24329 | Lair:7   | HP: 12/110 [poisoned by a hornet]
 24335 | Lair:7   | HP: 11/110 [poisoned by a hornet]
 24342 | Lair:7   | HP: 11/110 [poisoned by a hornet]
 24350 | Lair:7   | HP: 11/110 [poisoned by a hornet]
 24569 | Lair:7   | Reached skill level 1 in Long Blades
 24905 | Lair:7   | Received a gift from Sif Muna
 24906 | Lair:7   | Identified Sif Muna's Reference Book on Glacial Conjuration (Sif Muna gifted it to you on level 7 of the Lair of Beasts)
 24912 | Lair:7   | Learned a level 4 spell: Iskenderun's Mystic Blast
 25223 | Lair:8   | Reached skill level 2 in Long Blades
 25229 | Lair:8   | HP: 33/110 [komodo dragon (2)]
 25266 | Lair:7   | HP: 33/110 [torpor snail (1)]
 25633 | Lair:7   | Reached skill level 4 in Necromancy
 25840 | Lair:8   | Reached skill level 3 in Long Blades
 26070 | Lair:8   | Noticed Maud
 26375 | Lair:8   | Killed Maud
 26375 | Lair:8   | Reached skill level 12 in Armour
 26375 | Lair:8   | Reached XP level 15. HP: 74/115 MP: 2/32
 26466 | Lair:8   | Reached skill level 5 in Necromancy
 26683 | Lair:8   | Reached skill level 4 in Long Blades
 27185 | Lair:8   | Reached skill level 3 in Dodging
 27399 | Lair:8   | HP: 33/115 [elephant (13)]
 27405 | Lair:8   | HP: 24/115 [elephant (2)]
 27882 | Lair:8   | Reached skill level 6 in Necromancy
 27882 | Lair:8   | Reached skill level 4 in Dodging
 27950 | Lair:7   | Reached skill level 5 in Long Blades
 28595 | Lair:8   | Reached skill level 5 in Dodging
 28672 | Lair:7   | Reached skill level 6 in Long Blades
 28820 | Lair:1   | Got a fine cloak
 28831 | Lair:1   | Identified the +0 cloak of Miracles {rPois Dex+4} (You acquired it on level 1 of the Lair of Beasts)
 29157 | Lair:8   | Reached skill level 7 in Necromancy
 29202 | Lair:8   | Got a faintly glowing robe
 29425 | Lair:1   | Identified the +2 robe of the Hart {Stlth+} (You found it on level 8 of the Lair of Beasts)
 29479 | D:9      | Found a shadowy altar of Dithmenos.
 29512 | D:9      | Found an opulent altar of Gozag.
 29546 | D:9      | Noticed Gastronok
 29560 | D:9      | Killed Gastronok
 29713 | D:9      | HP: 30/115 [centaur/wand of lightning (12)]
 30133 | D:9      | Found a roughly hewn altar of Beogh.
 30133 | D:9      | Found a staircase to the Orcish Mines.
 30746 | Orc:1    | Entered Level 1 of the Orcish Mines
 30934 | Orc:1    | Reached skill level 6 in Dodging
 31090 | Orc:2    | Entered Level 2 of the Orcish Mines
 31264 | Orc:1    | Reached skill level 7 in Long Blades
 31664 | Orc:2    | Noticed Saint Roka
 31665 | Orc:2    | Noticed Donald
 31931 | D:10     | Entered Level 10 of the Dungeon
 32013 | D:10     | Reached skill level 8 in Necromancy
 32239 | D:10     | Reached XP level 16. HP: 113/122 MP: 27/33
 32600 | Lair:1   | Upgraded the game from 0.18-a0-1285-g60d00e1 to 0.18-a0-1292-ge8ad84c
 32781 | D:11     | Noticed Eustachio
 32791 | D:11     | Killed Eustachio
 32819 | D:11     | Noticed Blork the orc
 32820 | D:11     | Noticed Urug
 32820 | D:11     | --Hmm, must be an orc convention!
 32821 | D:11     | Noticed Erica
 32826 | D:11     | Killed Blork the orc
 32828 | D:11     | Killed Erica
 32830 | D:11     | Killed Urug
 32849 | D:11     | Noticed Harold
 32862 | D:11     | HP: 36/122 [orc knight/long sword (6)]
 32869 | D:11     | Killed Harold
 32889 | D:11     | --...with Eustacio, Harold and Erica as special guests!
 33386 | D:11     | Noticed Fannar
 33403 | D:11     | HP: 26/122 [Fannar/staff of cold (13)]
 33405 | D:11     | HP: 9/122 [Fannar/staff of cold (4)]
 33405 | D:11     | Slain by Fannar

Vault maps used:
D:1:      dpeg_arrival_brainrot, minmay_misc_feat_enclosed
D:2:      kennysheep_vampire_church
D:3:      lemuel_round_altar, serial_forest, infiniplex_forest_lined_room_3,
          infiniplex_forest_straight_2, infiniplex_forest_corner_1,
          infiniplex_forest_straight_2, infiniplex_forest_straight_2,
          infiniplex_forest_end_3, infiniplex_forest_lined_3_way,
          infiniplex_forest_clump_long, uniq_natasha, uniq_iyjb, uniq_grinder,
          uniq_terence
D:4:      wad_woods_settlement, old_standard_altar, marbit_many_paths,
          portal_sewer_entry_a, first_bread, st_stairs_8
D:5:      hex_large, guppyfry_early_orc_mine
D:6:      vehumet_crystals, gammafunk_temple_overflow_wave
D:7:      minmay_temple_entry_overgrown, grunt_livestock, tgw_kikubaaqudgha
D:8:      minmay_lair_entry_lava, grunt_ministairs_3, uniq_joseph
D:9:      nicolae_overflow_crystal_walls, david_orc_5, lemuel_tele_altar,
          uniq_gastronok
D:11:     sword_in_stone, uniq_fannar, uniq_sonja, uniq_urug
Temple:   zaba_magenta_temple_12
Lair:1:   serial_bayou_lagoon_a, grunt_megastairs_4
Lair:2:   serial_bayou_lake_a, grunt_megastairs_5
Lair:3:   minivault_24, minivault_23, serial_bayou_crossing
Lair:4:   minivault_19
Lair:5:   dpeg_oklob_gauntlet, elwin_shoals_entry_rocks,
          nicolae_spider_entry_tight_spaces, basic_altar
Lair:6:   st_stairs_8, grunt_forest_small_clearing_treed
Lair:7:   slime_altar_1, infiniplex_staircase_pool_2
Lair:8:   hangedman_lair_tendril_chambers, guppyfry_lair_end_dragon,
          infiniplex_staircase_pool, uniq_maud
Orc:1:    mines5_lemuel
Orc:2:    st_orc_congregation, special_room, uniq_donald, uniq_saint_roka
Sewer:    sewer_kobolds

Action                   |  1- 3 |  4- 6 |  7- 9 | 10-12 | 13-15 | 16-18 || total
-------------------------+-------+-------+-------+-------+-------+-------++-------
Melee: Dagger            |    59 |    57 |    57 |    38 |       |       ||   211
       Scimitar          |       |       |       |    19 |       |       ||    19
       Mace              |       |       |       |    10 |     8 |       ||    18
       Great sword       |       |       |       |       |   234 |    93 ||   327
 Fire: Hunting sling     |       |    51 |    55 |     7 |       |       ||   113
       Blowgun           |       |       |   107 |    37 |     7 |       ||   151
Throw: Stone             |    10 |       |       |       |       |       ||    10
       Tomahawk          |       |     4 |       |     1 |       |       ||     5
 Cast: Searing Ray       |    16 |    20 |    77 |   143 |   277 |     5 ||   538
       Dazzling Spray    |       |       |       |    43 |   186 |    29 ||   258
       Throw Frost       |       |       |       |     9 |     5 |       ||    14
       Bolt of Draining  |       |       |       |       |   142 |    22 ||   164
       Animate Skeleton  |       |       |       |       |    93 |    15 ||   108
       Iskenderun's Myst |       |       |       |       |    11 |       ||    11
Invok: Channel Energy    |       |       |       |       |     4 |       ||     4
Evoke: Wand              |       |       |       |     4 |     8 |     1 ||    13
  Use: Potion            |     1 |       |       |     6 |     2 |     1 ||    10
       Scroll            |     4 |     2 |     9 |    18 |     6 |     2 ||    41
 Stab: Sleeping          |     1 |       |     2 |     1 |       |       ||     4
       Distracted        |       |       |       |     1 |     1 |       ||     2
       Invisible         |       |       |       |       |     3 |     5 ||     8
  Eat: Chunk             |     4 |     7 |    16 |    24 |    53 |     6 ||   110
       Pizza             |       |       |       |     1 |     1 |       ||     2
       Meat ration       |       |       |       |       |     2 |       ||     2
       Bread ration      |       |       |       |       |     1 |       ||     1
       Beef jerky        |       |       |       |       |     1 |       ||     1

Table legend:
 A = Turns spent in this place as a percentage of turns spent in the entire game.
 B = Non-inter-level travel turns spent in this place as a percentage of non-inter-level travel turns spent in the entire game.
 C = Inter-level travel turns spent in this place as a percentage of turns spent in this place.
 D = Turns resting spent in this place as a percentage of non-inter-level travel turns spent in this place.
 E = Turns spent auto-exploring this place as a percentage of non-inter-level travel turns spent in this place.
 F = Non-inter-level travel turns spent in this place divided by the number of levels of this place that you've seen.
                   A       B       C       D       E      F
               +-------+-------+-------+-------+-------+----------------------
         Total | 100.0 | 100.0 |   0.4 |   3.9 |   3.7 | 524.5
       Dungeon |  42.5 |  42.5 |   0.3 |   2.8 |   5.0 | 466.5
        Temple |   0.7 |   0.7 |   0.0 |   0.0 |   0.0 |  90.0
          Lair |  52.9 |  52.8 |   0.5 |   4.8 |   2.9 | 796.8
  Orcish Mines |   2.7 |   2.7 |   0.3 |   3.7 |   0.3 | 162.5
         Sewer |   1.2 |   1.2 |   0.0 |   1.4 |   0.7 | 143.0
               +-------+-------+-------+-------+-------+----------------------

Vault maps used:
D:1:      dpeg_arrival_brainrot, minmay_misc_feat_enclosed
D:2:      kennysheep_vampire_church
D:3:      lemuel_round_altar, serial_forest, infiniplex_forest_lined_room_3,
          infiniplex_forest_straight_2, infiniplex_forest_corner_1,
          infiniplex_forest_straight_2, infiniplex_forest_straight_2,
          infiniplex_forest_end_3, infiniplex_forest_lined_3_way,
          infiniplex_forest_clump_long, uniq_natasha, uniq_iyjb, uniq_grinder,
          uniq_terence
D:4:      wad_woods_settlement, old_standard_altar, marbit_many_paths,
          portal_sewer_entry_a, first_bread, st_stairs_8
D:5:      hex_large, guppyfry_early_orc_mine
D:6:      vehumet_crystals, gammafunk_temple_overflow_wave
D:7:      minmay_temple_entry_overgrown, grunt_livestock, tgw_kikubaaqudgha
D:8:      minmay_lair_entry_lava, grunt_ministairs_3, uniq_joseph
D:9:      nicolae_overflow_crystal_walls, david_orc_5, lemuel_tele_altar,
          uniq_gastronok
D:11:     sword_in_stone, uniq_fannar, uniq_sonja, uniq_urug
Temple:   zaba_magenta_temple_12
Lair:1:   serial_bayou_lagoon_a, grunt_megastairs_4
Lair:2:   serial_bayou_lake_a, grunt_megastairs_5
Lair:3:   minivault_24, minivault_23, serial_bayou_crossing
Lair:4:   minivault_19
Lair:5:   dpeg_oklob_gauntlet, elwin_shoals_entry_rocks,
          nicolae_spider_entry_tight_spaces, basic_altar
Lair:6:   st_stairs_8, grunt_forest_small_clearing_treed
Lair:7:   slime_altar_1, infiniplex_staircase_pool_2
Lair:8:   hangedman_lair_tendril_chambers, guppyfry_lair_end_dragon,
          infiniplex_staircase_pool, uniq_maud
Orc:1:    mines5_lemuel
Orc:2:    st_orc_congregation, special_room, uniq_donald, uniq_saint_roka
Sewer:    sewer_kobolds
